 Dungeon Sprint DCSS version 0.32-a0-433-g08bcfe7efd (webtiles) character file.

Game seed: 14880564115883947302

4 adelrune the Shield-Bearer (level 1, -1/18 HPs)
             Began as a Formicid Fighter on Feb 22, 2024.
             Slain by an iguana (9 damage)
             ... in the Dungeon (Sprint IX: "|||||||||||||||||||||||||||||").
             The game lasted 00:00:14 (27 turns).

adelrune the Shield-Bearer (Formicid Fighter)         Turns: 27, Time: 00:00:15

Health: -1/18      AC:  6    Str: 20    XL:     1   Next: 77%
Magic:  1/1        EV:  9    Int:  7    God:
Gold:   0          SH:  5    Dex: 13    Spells: 0/0 levels left

rFire   . . .        a - +0 flail
rCold   . . .        c - +0 buckler
rNeg    . . .        b - +0 scale mail
rPois   .            (helmet unavailable)
rElec   .            (no cloak)
rCorr   .            (no gloves)
SInv    +            (no boots)
Will    .....        (no amulet) Stlth
                     (no ring)
HPRegen 0.23/turn    (no ring)
MPRegen 0.07/turn

%: no passive effects
@: no status effects
A: permanent stasis, dig shafts and tunnels, antennae 3, four strong arms
a: Dig


You were in the Dungeon.
You visited 1 branch

Inventory:

Hand Weapons
 a - a +0 flail (weapon)
Armour
 b - a +0 scale mail (worn)
 c - a +0 buckler (worn)
Potions
 d - a potion of might
 e - a potion of curing
 f - a potion of heal wounds
 g - 2 potions of magic


   Skills:
 + Level 3.6 Fighting
 * Level 2.7 Maces & Flails
 + Level 3.6 Armour
 + Level 0.9 Dodging
 + Level 4.3 Shields


You couldn't memorise any spells.
You didn't know any spells.
Your spell library was empty.

Dungeon Overview and Level Annotations

Branches:
Dungeon (1/1)

Altars:


Innate Abilities, Weirdness & Mutations

You cannot be hasted, slowed, berserked, paralysed or teleported.
You can dig through walls and to a lower floor.
You have a pair of large antennae on your head. (SInv)
Your four strong arms can wield two-handed weapons with a shield.


Message History

You miss the goblin. The goblin hits you with a +0 club.
You closely miss the goblin. The goblin hits you but does no damage.
The endoplasm jiggles.
You sock the goblin!
You kill the goblin!
The endoplasm closely misses you.
You sock the endoplasm!
You kill the endoplasm!
You barely miss the frilled lizard. The frilled lizard closely misses you.
You miss the frilled lizard.
The frilled lizard bites you but does no damage.
You hit the frilled lizard.
You kill the frilled lizard!
The bat hits you but does no damage.
You barely miss the bat. The bat hits you.
You completely miss the bat. The bat hits you but does no damage.
The bat closely misses you. The bat misses you.
You completely miss the bat. The bat hits you but does no damage. x2
You sock the bat!
You kill the bat!
The goblin closely misses you.
You barely miss the goblin. The goblin barely misses you.
You closely miss the goblin. The goblin closely misses you.
You barely miss the goblin. The goblin closely misses you.
The goblin hits you but does no damage.
You hit the goblin.
You kill the goblin!
There is an open door to the Dungeon, spattered with blood here.
Items here: )) ††.
You open the door.
A white imp, 2 iguanas, an ogre and a scorpion come into view.
The iguana hisses angrily. x2; The ogre shouts!
You sock the iguana!
The iguana is heavily wounded.
The iguana bites you!
You barely miss the iguana.
The iguana is heavily wounded.
The iguana bites you. The iguana bites you!
Ouch! That really hurt!
You die...

▓.▓
▓.▓
▓.▓
▓)▓
▓.▓
▓.▓
▓.▓
▓.▓
▓@▓
▓l▓
▓5▓
▓l▓
▓.▓
▓O▓
▓s▓
▓+▓


You could see an ogre, a scorpion, 2 iguanas and a white imp.

Vanquished Creatures
  An endoplasm (D)
  2 goblins (D)
  A bat (D)
  A frilled lizard (D)
5 creatures vanquished.

Notes
Turn   | Place    | Note
-------+----------+-------------------------------------------
     0 | D        | adelrune the Formicid Fighter began the quest for the Orb.
     0 | D        | Reached XP level 1. HP: 18/18 MP: 1/1
    25 | D        | Noticed an iguana
    25 | D        | Noticed an iguana
    25 | D        | Noticed an ogre
    25 | D        | Noticed a scorpion
    27 | D        | Slain by an iguana

Illustrated notes

Levels and vault maps discovered:
D:        linesprint [early_d, line_temple, items_1, d_10, items_2, lair_1,
          lair_end, items_3, orc_1, orc_end, items_4, d_15, swamp_1, shoals_1,
          snake_1, spider_1, d_20, vaults_1, items_5, swamp_end, shoals_end,
          snake_end, spider_end, vaults_end, d_27, items_6, zot_1, zot_end,
          crypt_end, forest_end, elf_end, slime_end, tomb_end, abyss_end,
          pan_hell_end]

Action                     || total
---------------------------++-------
  Melee: Flail             ||    17
 Armour: Scale mail        ||    12
  Dodge: Dodged            ||     8

Table legend: (Time is in decaauts)
 A = Elapsed time spent in this place.
 B = Non-inter-level travel time spent in this place.
 C = Inter-level travel time spent in this place.
 D = Time resting spent in this place.
 E = Time spent auto-exploring this place.
 F = Levels seen in this place.
 G = Mean time per level.
                   A        B        C        D        E       F      G
               +--------+--------+--------+--------+--------+-----+--------+
         Total |     31 |     31 |      0 |      0 |      0 |   1 |   31.0 |
       Dungeon |     31 |     31 |      0 |      0 |      0 |   1 |   31.0 |
               +--------+--------+--------+--------+--------+-----+--------+

Top non-repeatable levels by time:
       D: 31 daAuts
